| TOP OF THE 1ST |
|
Fargo Brewmasters batting - Pitching for Ogden Spikes : LHP James Wells
|
|
Pitching: LHP James Wells
|
|
|
Batting: RHB A.J. Hill
|
0-0: Ball 1-0: Foul Ball, location: 2F 1-1: SINGLE (Groundball, 34D)
|
|
Batting: RHB Will Puentes
|
0-0: Called Strike 0-1: Ball 1-1: Ball 2-1: Foul Ball, location: 2F 2-2: SINGLE (Line Drive, 56) A.J. Hill to second
|
|
Batting: RHB Clyde Fink
|
0-0: Ball 1-0: Ball 2-0: Called Strike 2-1: Called Strike 2-2: Strikes out swinging
|
|
Batting: RHB Bert Pena
|
0-0: Ball 1-0: Foul Ball, location: 2F 1-1: Ball 2-1: Ball 3-1: Grounds into double play, 4-6-3 (Groundball, 4M)
|
| Top of the 1st over - 0 runs, 2 hits, 0 errors, 1 left on base; Fargo 0 - Ogden 0 |
| BOTTOM OF THE 1ST |
|
Ogden Spikes batting - Pitching for Fargo Brewmasters : RHP Nate Snell
|
|
Pitching: RHP Nate Snell
|
|
|
Batting: RHB Craig Landis
|
0-0: Called Strike 0-1: Ball 1-1: SINGLE (Line Drive, 3D)
|
|
Batting: LHB Leon Durham
|
0-0: Ball 1-0: DOUBLE (Line Drive, 89D) Craig Landis to third Runner from 3rd tries for Home, SAFE, throw by CF to home
|
|
Batting: LHB Sal Rende
|
0-0: Ground out 6-3 (Groundball, 6) Leon Durham to third
|
|
Batting: RHB Dennis Littlejohn
|
0-0: Ball 1-0: Ball 2-0: Foul Ball, location: 2F 2-1: Ball 3-1: Called Strike 3-2: Ground out 4-3 (Groundball, 4) Leon Durham scores
|
|
Batting: LHB Andres Romero
|
0-0: Ball 1-0: Foul Ball, location: 2F 1-1: Ground out U3 (Groundball, 3)
|
| Bottom of the 1st over - 2 runs, 2 hits, 0 errors, 0 left on base; Fargo 0 - Ogden 2 |
| TOP OF THE 2ND |
|
Fargo Brewmasters batting - Pitching for Ogden Spikes : LHP James Wells
|
|
Batting: RHB Terry Bevington
|
0-0: Called Strike 0-1: Called Strike 0-2: Fly out, F8 (Flyball, 8LS)
|
|
Batting: SHB Leslie Clark
|
0-0: Fly out, F8 (Flyball, 8RS)
|
|
Batting: LHB Linwood Fisher
|
0-0: Ball 1-0: Fly out, F9 (Line Drive, 9)
|
| Top of the 2nd over - 0 runs, 0 hits, 0 errors, 0 left on base; Fargo 0 - Ogden 2 |
| BOTTOM OF THE 2ND |
|
Ogden Spikes batting - Pitching for Fargo Brewmasters : RHP Nate Snell
|
|
Batting: RHB George Goodrich
|
0-0: Swinging Strike 0-1: Ground out 4-3 (Groundball, 4)
|
|
Batting: RHB Kalvin Adams
|
0-0: Foul Ball, location: 2F 0-1: Called Strike 0-2: Ball 1-2: Ball 2-2: Ground out 4-3 (Groundball, 34)
|
|
Batting: RHB Leonard Thompson
|
0-0: Ball 1-0: Swinging Strike 1-1: Ball 2-1: Foul Ball, location: 2F 2-2: Strikes out swinging
|
| Bottom of the 2nd over - 0 runs, 0 hits, 0 errors, 0 left on base; Fargo 0 - Ogden 2 |
| TOP OF THE 3RD |
|
Fargo Brewmasters batting - Pitching for Ogden Spikes : LHP James Wells
|
|
Batting: RHB Michael Sherwood
|
0-0: Foul Ball, location: 2F 0-1: Swinging Strike 0-2: Ball 1-2: Ground out 4-3 (Groundball, 4)
|
|
Batting: RHB Michael Kroll
|
0-0: Fly out, F9 (Flyball, 9)
|
|
Batting: RHB A.J. Hill
|
0-0: Ball 1-0: Called Strike 1-1: Foul Ball, location: 2F 1-2: Fly out, F9 (Flyball, 9LM)
|
| Top of the 3rd over - 0 runs, 0 hits, 0 errors, 0 left on base; Fargo 0 - Ogden 2 |
| BOTTOM OF THE 3RD |
|
Ogden Spikes batting - Pitching for Fargo Brewmasters : RHP Nate Snell
|
|
Batting: RHB Marte Pozo
|
0-0: Called Strike 0-1: Ball 1-1: Ball 2-1: Ball 3-1: Called Strike 3-2: Foul Ball, location: 2F 3-2: Ground out 6-3 (Groundball, 6)
|
|
Batting: RHB Craig Landis
|
0-0: Foul Ball, location: 2F 0-1: Ball 1-1: Ground out 5-3 (Groundball, 5)
|
|
Batting: LHB Leon Durham
|
0-0: Ball 1-0: Ball 2-0: SINGLE (Groundball, 25) (infield hit)
|
|
Batting: LHB Sal Rende
|
0-0: Ball 1-0: DOUBLE (Flyball, 8LXD) Leon Durham to third Runner from 3rd tries for Home, SAFE, throw by CF to home
|
|
Batting: RHB Dennis Littlejohn
|
0-0: Swinging Strike 0-1: Foul Ball, location: 2F 0-2: Ball 1-2: Fly out, F8 (Line Drive, 8LD)
|
| Bottom of the 3rd over - 1 run, 2 hits, 0 errors, 1 left on base; Fargo 0 - Ogden 3 |
| TOP OF THE 4TH |
|
Fargo Brewmasters batting - Pitching for Ogden Spikes : LHP James Wells
|
|
Batting: RHB Will Puentes
|
0-0: Ball 1-0: SINGLE (Groundball, 6D)
|
|
Batting: RHB Clyde Fink
|
0-0: Ball 1-0: Called Strike 1-1: Grounds into double play, 5-4-3 (Groundball, 56)
|
|
Batting: RHB Bert Pena
|
0-0: Foul Ball, location: 2F 0-1: Foul Ball, location: 2F 0-2: Ball 1-2: Reached on error, E6 (Groundball, 6)
|
|
Batting: RHB Terry Bevington
|
0-0: Ball Bert Pena is caught stealing 2nd base 2-4
|
| Top of the 4th over - 0 runs, 1 hit, 1 error, 0 left on base; Fargo 0 - Ogden 3 |
| BOTTOM OF THE 4TH |
|
Ogden Spikes batting - Pitching for Fargo Brewmasters : RHP Nate Snell
|
|
Batting: LHB Andres Romero
|
0-0: Called Strike 0-1: Swinging Strike 0-2: Foul Ball, location: 2F 0-2: Ball 1-2: Ball 2-2: Strikes out swinging
|
|
Batting: RHB George Goodrich
|
0-0: Called Strike 0-1: Ground out 6-3 (Groundball, 56)
|
|
Batting: RHB Kalvin Adams
|
0-0: Fly out, F9 (Flyball, 9S)
|
| Bottom of the 4th over - 0 runs, 0 hits, 0 errors, 0 left on base; Fargo 0 - Ogden 3 |
| TOP OF THE 5TH |
|
Fargo Brewmasters batting - Pitching for Ogden Spikes : LHP James Wells
|
|
Batting: RHB Terry Bevington
|
0-0: Called Strike 0-1: Ball 1-1: Ball 2-1: Foul Ball, location: 2F 2-2: Foul Ball, location: 2F 2-2: Ball 3-2: Foul Ball, location: 2F 3-2: Ground out 5-3 (Groundball, 56S)
|
|
Batting: SHB Leslie Clark
|
0-0: Called Strike 0-1: Ball 1-1: Ground out 5-3 (Groundball, 5)
|
|
Batting: LHB Linwood Fisher
|
0-0: Ball 1-0: Called Strike 1-1: Ball 2-1: Fly out, F9 (Flyball, 9LSF)
|
| Top of the 5th over - 0 runs, 0 hits, 0 errors, 0 left on base; Fargo 0 - Ogden 3 |
| BOTTOM OF THE 5TH |
|
Ogden Spikes batting - Pitching for Fargo Brewmasters : RHP Nate Snell
|
|
Batting: RHB Leonard Thompson
|
0-0: Ball 1-0: Fly out, F9 (Flyball, 9LMF)
|
|
Batting: RHB Marte Pozo
|
0-0: Swinging Strike 0-1: Called Strike 0-2: Ground out 1-3 (Groundball, 34S)
|
|
Batting: RHB Craig Landis
|
0-0: Ball 1-0: Fly out, F7 (Flyball, 7D)
|
| Bottom of the 5th over - 0 runs, 0 hits, 0 errors, 0 left on base; Fargo 0 - Ogden 3 |
| TOP OF THE 6TH |
|
Fargo Brewmasters batting - Pitching for Ogden Spikes : LHP James Wells
|
|
Batting: RHB Michael Sherwood
|
0-0: Foul Ball, location: 2F 0-1: Foul Ball, location: 2F 0-2: Ball 1-2: Ground out 1-3 (Groundball, 23)
|
|
Batting: RHB Michael Kroll
|
0-0: Ball 1-0: Ball 2-0: Foul Ball, location: 2F 2-1: DOUBLE (Flyball, 89D)
|
|
Batting: RHB A.J. Hill
|
0-0: Foul Ball, location: 2F 0-1: SINGLE (Line Drive, 9LM) Michael Kroll to third
|
|
Batting: RHB Will Puentes
|
0-0: Ball 1-0: Foul Ball, location: 2F 1-1: Foul Ball, location: 2F 1-2: Fly out, F8 (Line Drive, 8RD) Runner from 3rd tags up, SCORES, throw by CF
|
|
Batting: RHB Clyde Fink
|
0-0: Ball 1-0: Ball 2-0: SINGLE (Groundball, 6D) A.J. Hill to second
|
|
Batting: RHB Bert Pena
|
0-0: Swinging Strike 0-1: Foul Ball, location: 2F 0-2: Ball 1-2: Ball Wild Pitch! A.J. Hill to third Clyde Fink to second 2-2: Strikes out swinging
|
| Top of the 6th over - 1 run, 3 hits, 0 errors, 2 left on base; Fargo 1 - Ogden 3 |
| BOTTOM OF THE 6TH |
|
Ogden Spikes batting - Pitching for Fargo Brewmasters : RHP Nate Snell
|
|
Batting: LHB Leon Durham
|
0-0: Ball 1-0: Fly out, F8 (Flyball, 8RM)
|
|
Batting: LHB Sal Rende
|
0-0: Ball 1-0: Swinging Strike 1-1: Ground out 4-3 (Groundball, 4)
|
|
Batting: RHB Dennis Littlejohn
|
0-0: Swinging Strike 0-1: Called Strike 0-2: Strikes out swinging
|
| Bottom of the 6th over - 0 runs, 0 hits, 0 errors, 0 left on base; Fargo 1 - Ogden 3 |
| TOP OF THE 7TH |
|
Fargo Brewmasters batting - Pitching for Ogden Spikes : LHP James Wells
|
|
Batting: RHB Terry Bevington
|
0-0: Ball 1-0: Called Strike 1-1: Ball 2-1: Called Strike 2-2: Ball 3-2: Base on Balls
|
|
Batting: SHB Leslie Clark
|
0-0: 2-RUN HOME RUN (Flyball, 7D), Distance : 349 ft
|
|
Batting: LHB Linwood Fisher
|
0-0: Fly out, F7 (Flyball, 7LS)
|
|
Batting: RHB Michael Sherwood
|
0-0: TRIPLE (Flyball, 89XD)
|
|
Batting: RHB Michael Kroll
|
0-0: Ball 1-0: DOUBLE (Line Drive, 7LM) Michael Sherwood scores
|
|
Batting: RHB A.J. Hill
|
0-0: Ball 1-0: Called Strike 1-1: Ball 2-1: Fly out, F9 (Flyball, 9)
|
|
Batting: RHB Will Puentes
|
0-0: Intentional Walk
|
|
Batting: RHB Clyde Fink
|
0-0: Called Strike 0-1: Ball 1-1: Reached on error, E5 (Groundball, 56) Michael Kroll to third Will Puentes to second
|
|
Batting: RHB Bert Pena
|
0-0: Ball 1-0: Called Strike 1-1: Ball 2-1: Ground out U3 (Groundball, 34)
|
| Top of the 7th over - 3 runs, 3 hits, 1 error, 3 left on base; Fargo 4 - Ogden 3 |
| BOTTOM OF THE 7TH |
|
Ogden Spikes batting - Pitching for Fargo Brewmasters : RHP Nate Snell
|
|
Batting: LHB Andres Romero
|
0-0: Foul Ball, location: 2F 0-1: Ball 1-1: Ground out 1-3 (Groundball, 34S)
|
|
Batting: RHB George Goodrich
|
0-0: Called Strike 0-1: Fly out, F8 (Flyball, 8RM)
|
|
Batting: RHB Kalvin Adams
|
0-0: Ball 1-0: Ball 2-0: Fly out, F8 (Line Drive, 8LM)
|
| Bottom of the 7th over - 0 runs, 0 hits, 0 errors, 0 left on base; Fargo 4 - Ogden 3 |
| TOP OF THE 8TH |
|
Fargo Brewmasters batting - Pitching for Ogden Spikes : LHP James Wells
|
|
Batting: RHB Terry Bevington
|
0-0: Called Strike 0-1: Ball 1-1: Fly out, F8 (Flyball, 8LM)
|
|
Batting: SHB Leslie Clark
|
0-0: Foul Ball, location: 2F 0-1: Foul Ball, location: 2F 0-2: Ball 1-2: Ball 2-2: Strikes out swinging
|
|
Batting: LHB Linwood Fisher
|
0-0: Ball 1-0: Foul Ball, location: 2F 1-1: Ball 2-1: Called Strike 2-2: Ground out 4-3 (Groundball, 4S)
|
| Top of the 8th over - 0 runs, 0 hits, 0 errors, 0 left on base; Fargo 4 - Ogden 3 |
| BOTTOM OF THE 8TH |
|
Ogden Spikes batting - Pitching for Fargo Brewmasters : RHP Nate Snell
|
|
Batting: RHB Leonard Thompson
|
0-0: Ball 1-0: Swinging Strike 1-1: Ball 2-1: Ball 3-1: Called Strike 3-2: Foul Ball, location: 2F 3-2: Base on Balls
|
|
Pinch Hitting: LHB Mike Scioscia
|
0-0: Bunted foul 0-1: Bunted foul 0-2: Ball 1-2: Fly out, F7 (Line Drive, 7)
|
|
Batting: RHB Craig Landis
|
0-0: Called Strike 0-1: Fly out, F4 (Popup, 34)
|
|
Batting: LHB Leon Durham
|
0-0: Ball 1-0: Fielders Choice at 2nd, 5-4 (Groundball, 56)
|
| Bottom of the 8th over - 0 runs, 0 hits, 0 errors, 1 left on base; Fargo 4 - Ogden 3 |
| TOP OF THE 9TH |
|
Fargo Brewmasters batting - Pitching for Ogden Spikes : LHP James Wells
|
|
Now at 2B: Damaso Garcia
|
|
|
Batting: RHB Michael Sherwood
|
0-0: Ball 1-0: Called Strike 1-1: Foul Ball, location: 2F 1-2: Strikes out swinging
|
|
Batting: RHB Michael Kroll
|
0-0: Ball 1-0: Foul Ball, location: 2F 1-1: Ball 2-1: Ground out 6-3 (Groundball, 6)
|
|
Batting: RHB A.J. Hill
|
0-0: Ball 1-0: Called Strike 1-1: Swinging Strike 1-2: Ground out 4-3 (Groundball, 4)
|
| Top of the 9th over - 0 runs, 0 hits, 0 errors, 0 left on base; Fargo 4 - Ogden 3 |
| BOTTOM OF THE 9TH |
|
Ogden Spikes batting - Pitching for Fargo Brewmasters : RHP Nate Snell
|
|
Pitching: LHP Jorge Ortega
|
|
|
Batting: LHB Sal Rende
|
0-0: Ball 1-0: Ball 2-0: Ball 3-0: Base on Balls
|
|
Batting: RHB Dennis Littlejohn
|
0-0: Ball 1-0: Foul Ball, location: 2F 1-1: Fly out, F9 (Flyball, 89S)
|
|
Pinch Hitting: RHB Juan Espino
|
0-0: Ball 1-0: Ball 2-0: Ball 3-0: Base on Balls Sal Rende to second
|
|
Pinch Runner at 2nd Phil Stephens:
|
|
|
Batting: RHB George Goodrich
|
0-0: Called Strike 0-1: Swinging Strike 0-2: Strikes out swinging
|
|
Pinch Hitting: RHB Ty Waller
|
0-0: Called Strike 0-1: Ball 1-1: Ball 2-1: Called Strike 2-2: Strikes out swinging
|
| Bottom of the 9th over - 0 runs, 0 hits, 0 errors, 2 left on base; Fargo 4 - Ogden 3 |
|